AAA EAST
LEHIGH VALLEY IRONPIGS @ MEMPHIS REDBIRDS
07/04/2041
 
TOP OF THE 1ST
Lehigh Valley IronPigs batting - Pitching for Memphis Redbirds : LHP Dan Liss
Pitching: LHP Dan Liss
Batting: SHB Víctor Barrón 0-0: Ball
1-0: Ball
2-0: Ball
3-0: Called Strike
3-1: SINGLE (Flyball, 8LS, EV 89.4 MPH)
Batting: RHB Riccardo Gabrieli 0-0: Called Strike
0-1: Called Strike
Víctor Barrón steals 2nd base (no throw)
0-2: DOUBLE (Line Drive, 89D, EV 106.9 MPH)
Víctor Barrón scores
Batting: LHB Mike Brewer 0-0: Ball
1-0: Swinging Strike
1-1: Foul Ball, location: 2RF
1-2: Strikes out swinging, 2-3 out at first.
Batting: RHB Tony Kelley 0-0: Swinging Strike
0-1: Fly out, F9 (Flyball, 9, EV 93.1 MPH)
Batting: RHB Don Rivas 0-0: Swinging Strike
0-1: Swinging Strike
0-2: Ball
1-2: Foul Ball, location: 2F
1-2: Ball
2-2: Ball
3-2: Base on Balls
Batting: LHB Don Ross 0-0: Ball
1-0: Ball
2-0: Called Strike
2-1: SINGLE (Groundball, 4M, EV 81.9 MPH) (infield hit)
Riccardo Gabrieli to third
Don Rivas to second
Batting: RHB José López 0-0: Called Strike
0-1: Ball
1-1: Ground out 1-3 (Groundball, 34S, EV 68.8 MPH)
Top of the 1st over - 1 run, 3 hits, 0 errors, 3 left on base; Lehigh Valley 1 - Memphis 0
BOTTOM OF THE 1ST
Memphis Redbirds batting - Pitching for Lehigh Valley IronPigs : RHP Ken Guthrie
Pitching: RHP Ken Guthrie
Batting: LHB Cisco Chávez 0-0: Ball
1-0: Fly out, F4 (Popup, 23, EV 92.5 MPH)
Batting: RHB António Valentín 0-0: Ball
1-0: Ball
2-0: Called Strike
2-1: Fly out, F7 (Flyball, 7LM, EV 83.8 MPH)
Batting: LHB Mike O'Halloran 0-0: Called Strike
0-1: Ball
1-1: Ground out 4-3 (Groundball, 34D, EV 82.5 MPH)
Bottom of the 1st over - 0 runs, 0 hits, 0 errors, 0 left on base; Lehigh Valley 1 - Memphis 0
TOP OF THE 2ND
Lehigh Valley IronPigs batting - Pitching for Memphis Redbirds : LHP Dan Liss
Batting: RHB Tim Ash 0-0: Foul Ball, location: 9LDF
0-1: Foul Ball, location: 9LSF
0-2: Foul Ball, location: 2F
0-2: Ball
1-2: Reached on error, E6 (Groundball, 6, EV 101.9 MPH)
Batting: RHB António Rojas 0-0: Sac Bunt to 23 - play at first, batter OUT! 3-4
Tim Ash to second
Batting: SHB Víctor Barrón 0-0: Ball
1-0: Fly out, F7 (Line Drive, 7, EV 85.6 MPH)
Batting: RHB Riccardo Gabrieli 0-0: TRIPLE (Line Drive, 89XD, EV 105.0 MPH)
Tim Ash scores
Batting: LHB Mike Brewer 0-0: Called Strike
0-1: Called Strike
0-2: Ball
1-2: Fly out, F8 (Flyball, 8RM, EV 91.3 MPH)
Top of the 2nd over - 1 run, 1 hit, 1 error, 1 left on base; Lehigh Valley 2 - Memphis 0
BOTTOM OF THE 2ND
Memphis Redbirds batting - Pitching for Lehigh Valley IronPigs : RHP Ken Guthrie
Batting: LHB Ben King 0-0: Called Strike
0-1: Fly out, F7 (Flyball, 7D, EV 87.5 MPH)
Batting: SHB Tim Wilson 0-0: Ball
1-0: Fly out, F8 (Flyball, 78D, EV 98.1 MPH)
Batting: LHB Juan García 0-0: SINGLE (Flyball, 9LS, EV 91.3 MPH)
Batting: RHB David Pacheco 0-0: Ball
1-0: Ball
2-0: Fly out, F9 (Flyball, 89M, EV 81.9 MPH)
Bottom of the 2nd over - 0 runs, 1 hit, 0 errors, 1 left on base; Lehigh Valley 2 - Memphis 0
TOP OF THE 3RD
Lehigh Valley IronPigs batting - Pitching for Memphis Redbirds : LHP Dan Liss
Batting: RHB Tony Kelley 0-0: Ball
1-0: DOUBLE (Flyball, 78D, EV 110.0 MPH)
Batting: RHB Don Rivas 0-0: Ball
1-0: Swinging Strike
1-1: Ball
2-1: Fly out, F8 (Flyball, 78D, EV 73.8 MPH)
Batting: LHB Don Ross 0-0: SINGLE (Groundball, 15, EV 68.8 MPH) (infield hit)
Tony Kelley to third
Batting: RHB José López 0-0: Called Strike
0-1: Ball
1-1: Fly out, F7 (Flyball, 7S, EV 89.4 MPH)
Batting: RHB Tim Ash 0-0: Ball
1-0: Fly out, F9 (Flyball, 9S, EV 76.9 MPH)
Top of the 3rd over - 0 runs, 2 hits, 0 errors, 2 left on base; Lehigh Valley 2 - Memphis 0
BOTTOM OF THE 3RD
Memphis Redbirds batting - Pitching for Lehigh Valley IronPigs : RHP Ken Guthrie
Pitching: RHP Bobby Schutt
Batting: RHB Phil Raymond 0-0: Ball
1-0: Swinging Strike
1-1: Fly out, F9 (Line Drive, 9S, EV 103.1 MPH)
Batting: LHB Gervasio Fulda 0-0: Called Strike
0-1: Called Strike
0-2: Ball
1-2: Foul Ball, location: 2F
1-2: Strikes out swinging
Batting: LHB Cisco Chávez 0-0: Ground out 4-3 (Groundball, 4, EV 88.8 MPH)
Bottom of the 3rd over - 0 runs, 0 hits, 0 errors, 0 left on base; Lehigh Valley 2 - Memphis 0
TOP OF THE 4TH
Lehigh Valley IronPigs batting - Pitching for Memphis Redbirds : LHP Dan Liss
Batting: RHB António Rojas 0-0: Ball
1-0: Ball
2-0: Foul Ball, location: 3F
2-1: Ground out 4-3 (Groundball, 4, EV 80.0 MPH)
Batting: SHB Víctor Barrón 0-0: Ground out 6-3 (Groundball, 6, EV 86.9 MPH)
Batting: RHB Riccardo Gabrieli 0-0: Ball
1-0: Ball
2-0: Called Strike
2-1: Ball
3-1: Foul Ball, location: 5DF
3-2: Strikes out looking
Top of the 4th over - 0 runs, 0 hits, 0 errors, 0 left on base; Lehigh Valley 2 - Memphis 0
BOTTOM OF THE 4TH
Memphis Redbirds batting - Pitching for Lehigh Valley IronPigs : RHP Bobby Schutt
Batting: RHB António Valentín 0-0: Foul Ball, location: 5DF
0-1: SINGLE (Line Drive, 56, EV 94.4 MPH)
Batting: LHB Mike O'Halloran 0-0: Ball
António Valentín steals 2nd base
1-0: Swinging Strike
1-1: Foul Ball, location: 2F
1-2: Ball
2-2: Foul Ball, location: 7LMF
2-2: Ball
3-2: Foul Ball, location: 3F
3-2: Fly out, F7 (Flyball, 7S, EV 95.0 MPH)
Batting: LHB Ben King 0-0: Called Strike
0-1: Called Strike
0-2: Ball
1-2: Foul Ball, location: 3FF
1-2: Ball
2-2: Ball
3-2: Foul Ball, location: 7LMF
3-2: Foul Ball, location: 7LSF
3-2: Foul Ball, location: 25FF
3-2: Fly out, F8 (Flyball, 8RXD, EV 86.9 MPH)
Runner from 2nd tags up, SAFE at 3rd, no throw by CF
Batting: SHB Tim Wilson 0-0: Ball
1-0: Foul Ball, location: 5FF
1-1: Called Strike
1-2: Ball
2-2: Ground out 6-3 (Groundball, 6, EV 86.3 MPH)
Bottom of the 4th over - 0 runs, 1 hit, 0 errors, 1 left on base; Lehigh Valley 2 - Memphis 0
TOP OF THE 5TH
Lehigh Valley IronPigs batting - Pitching for Memphis Redbirds : LHP Dan Liss
Batting: LHB Mike Brewer 0-0: Ball
1-0: Ball
2-0: Foul Ball, location: 2F
2-1: Swinging Strike
2-2: Foul Ball, location: 2F
2-2: Strikes out looking
Batting: RHB Tony Kelley 0-0: Ball
1-0: Called Strike
1-1: Foul Ball, location: 7LMF
1-2: Reaches on Catchers interference
Batting: RHB Don Rivas 0-0: Ball
1-0: Foul Ball, location: 2F
1-1: DOUBLE (Line Drive, 78XD, EV 90.6 MPH)
Tony Kelley to third
Batting: LHB Don Ross 0-0: Called Strike
0-1: Ball
1-1: Ball
2-1: Ball
3-1: Fly out, F5 (Popup, 56S, EV 63.1 MPH)
Batting: RHB José López 0-0: Ball
1-0: Fly out, F7 (Flyball, 78M, EV 90.0 MPH)
Top of the 5th over - 0 runs, 1 hit, 1 error, 2 left on base; Lehigh Valley 2 - Memphis 0
BOTTOM OF THE 5TH
Memphis Redbirds batting - Pitching for Lehigh Valley IronPigs : RHP Bobby Schutt
Batting: LHB Juan García 0-0: Called Strike
0-1: Foul Ball, location: 25F
0-2: Ball
1-2: Ground out 4-3 (Groundball, 34D, EV 107.5 MPH)
Batting: RHB David Pacheco 0-0: Ball
1-0: Ball
2-0: Ground out 3-1 (Groundball, 34S, EV 85.6 MPH)
Batting: RHB Phil Raymond 0-0: Called Strike
0-1: Ball
1-1: Ground out 6-3 (Groundball, 6, EV 90.0 MPH)
Bottom of the 5th over - 0 runs, 0 hits, 0 errors, 0 left on base; Lehigh Valley 2 - Memphis 0
TOP OF THE 6TH
Lehigh Valley IronPigs batting - Pitching for Memphis Redbirds : LHP Dan Liss
Batting: RHB Tim Ash 0-0: Called Strike
0-1: Foul Ball, location: 9LSF
0-2: Foul Ball, location: 2F
0-2: Ball
1-2: Ground out 4-3 (Groundball, 4MD, EV 96.9 MPH)
Batting: RHB António Rojas 0-0: Ball
1-0: Called Strike
1-1: Ball
2-1: Ball
3-1: Called Strike
3-2: Foul Ball, location: 3F
3-2: Foul Ball, location: 9LSF
3-2: Foul Ball, location: 2F
3-2: Ground out 6-3 (Groundball, 6, EV 87.5 MPH)
Batting: SHB Víctor Barrón 0-0: Ball
1-0: Foul Ball, location: 2F
1-1: Ball
2-1: DOUBLE (Flyball, 89D, EV 101.9 MPH)
Pitching: RHP Mike Brooks
Batting: RHB Riccardo Gabrieli 0-0: Ball
1-0: Ball
2-0: Called Strike
2-1: Called Strike
2-2: Foul Ball, location: 9LSF
2-2: Foul Ball, location: 2F
2-2: Ball
3-2: SINGLE (Line Drive, 34, EV 97.5 MPH)
Víctor Barrón to third
Runner from 3rd tries for Home, SAFE, throw by RF to home
Batting: LHB Mike Brewer 0-0: Ball
Riccardo Gabrieli is caught stealing 2nd base 2-6
Top of the 6th over - 1 run, 2 hits, 0 errors, 0 left on base; Lehigh Valley 3 - Memphis 0
BOTTOM OF THE 6TH
Memphis Redbirds batting - Pitching for Lehigh Valley IronPigs : RHP Bobby Schutt
Batting: LHB Gervasio Fulda 0-0: Called Strike
0-1: Foul Ball, location: 5FF
0-2: Ball
1-2: Ball
2-2: Foul Ball, location: 23FF
2-2: Ball
3-2: Foul Ball, location: 5FF
3-2: DOUBLE (Line Drive, 8RD, EV 109.4 MPH)
Batting: LHB Cisco Chávez 0-0: Foul Ball, location: 2F
0-1: Called Strike
0-2: Fly out, F8 (Flyball, 89M, EV 90.6 MPH)
Batting: RHB António Valentín 0-0: Swinging Strike
0-1: Ball
1-1: Ball
2-1: Ball
3-1: Called Strike
3-2: Foul Ball, location: 25FF
3-2: Foul Ball, location: 9LMF
3-2: Fly out, F9 (Flyball, 9, EV 78.8 MPH)
Batting: LHB Mike O'Halloran 0-0: Ground out 6-3 (Groundball, P, EV 90.6 MPH)
Bottom of the 6th over - 0 runs, 1 hit, 0 errors, 1 left on base; Lehigh Valley 3 - Memphis 0
TOP OF THE 7TH
Lehigh Valley IronPigs batting - Pitching for Memphis Redbirds : RHP Mike Brooks
Batting: LHB Mike Brewer 0-0: Called Strike
0-1: Foul Ball, location: 2F
0-2: Foul Ball, location: 5F
0-2: Ball
1-2: Ball
2-2: Ball
3-2: Foul Ball, location: 2F
3-2: Base on Balls
Batting: RHB Tony Kelley 0-0: 2-RUN HOME RUN (Flyball, 89XD, EV 105.0 MPH), Distance : 408 ft
Batting: RHB Don Rivas 0-0: Called Strike
0-1: Called Strike
0-2: Strikes out swinging
Batting: LHB Don Ross 0-0: Ball
1-0: Called Strike
1-1: Ground out 6-3 (Groundball, 6S, EV 68.8 MPH)
Batting: RHB José López 0-0: Ball
1-0: Foul Ball, location: 3F
1-1: Swinging Strike
1-2: Ball
2-2: Strikes out looking
Top of the 7th over - 2 runs, 1 hit, 0 errors, 0 left on base; Lehigh Valley 5 - Memphis 0
BOTTOM OF THE 7TH
Memphis Redbirds batting - Pitching for Lehigh Valley IronPigs : RHP Bobby Schutt
Batting: LHB Ben King 0-0: SINGLE (Groundball, 4MS, EV 69.4 MPH) (infield hit)
Batting: SHB Tim Wilson 0-0: Ball
Ben King steals 2nd base
1-0: Foul Ball, location: 7LMF
1-1: Foul Ball, location: 7LDF
1-2: Strikes out swinging
Batting: LHB Juan García 0-0: Called Strike
0-1: Foul Ball, location: 7LMF
0-2: Ball
1-2: Foul Ball, location: 7LDF
1-2: Ground out 4-3 (Groundball, 4, EV 86.9 MPH)
Ben King to third
Batting: RHB David Pacheco 0-0: Ball
1-0: Called Strike
1-1: SINGLE (Groundball, 6MD, EV 97.5 MPH)
Ben King scores
Batting: RHB Phil Raymond 0-0: Ball
1-0: Ball
2-0: Ball
3-0: Called Strike
3-1: Called Strike
3-2: Base on Balls
David Pacheco to second
Batting: LHB Gervasio Fulda 0-0: Called Strike
0-1: Fly out, F9 (Line Drive, 89S, EV 91.9 MPH)
Bottom of the 7th over - 1 run, 2 hits, 0 errors, 2 left on base; Lehigh Valley 5 - Memphis 1
TOP OF THE 8TH
Lehigh Valley IronPigs batting - Pitching for Memphis Redbirds : RHP Mike Brooks
Batting: RHB Tim Ash 0-0: Ball
1-0: Fly out, F3 (Popup, 3SF, EV 82.5 MPH)
Batting: RHB António Rojas 0-0: Foul Ball, location: 5F
0-1: Foul Ball, location: 5FF
0-2: Strikes out swinging
Batting: SHB Víctor Barrón 0-0: Called Strike
0-1: Called Strike
0-2: Foul Ball, location: 3FF
0-2: Ball
1-2: Foul Ball, location: 25F
1-2: Ball
2-2: Ball
3-2: Foul Ball, location: 2F
3-2: Ground out 4-3 (Groundball, 4, EV 88.8 MPH)
Top of the 8th over - 0 runs, 0 hits, 0 errors, 0 left on base; Lehigh Valley 5 - Memphis 1
BOTTOM OF THE 8TH
Memphis Redbirds batting - Pitching for Lehigh Valley IronPigs : RHP Bobby Schutt
Batting: LHB Cisco Chávez 0-0: Foul Ball, location: 7LSF
0-1: Ball
1-1: Swinging Strike
1-2: Ball
2-2: Foul Ball, location: 3F
2-2: SINGLE (Groundball, 23, EV 68.1 MPH) (infield hit)
Pinch Hitting: SHB Terry Underhill 0-0: Ball
1-0: Grounds into double play, 4-6-3 (Groundball, 4, EV 103.8 MPH)
Batting: LHB Mike O'Halloran 0-0: Fly out, F7 (Flyball, 78D, EV 92.5 MPH)
Bottom of the 8th over - 0 runs, 1 hit, 0 errors, 0 left on base; Lehigh Valley 5 - Memphis 1
TOP OF THE 9TH
Lehigh Valley IronPigs batting - Pitching for Memphis Redbirds : RHP Mike Brooks
Pitching: RHP Daniel Bulseco
Now at 3B: Terry Underhill
Batting: RHB Riccardo Gabrieli 0-0: Called Strike
0-1: Fly out, F3 (Line Drive, 3L, EV 73.8 MPH)
Batting: LHB Mike Brewer 0-0: Ball
1-0: Ground out 6-3 (Groundball, 6S, EV 87.5 MPH)
Batting: RHB Tony Kelley 0-0: Ball
1-0: Called Strike
1-1: Called Strike
1-2: Foul Ball, location: 5DF
1-2: Strikes out looking
Top of the 9th over - 0 runs, 0 hits, 0 errors, 0 left on base; Lehigh Valley 5 - Memphis 1
BOTTOM OF THE 9TH
Memphis Redbirds batting - Pitching for Lehigh Valley IronPigs : RHP Bobby Schutt
Batting: LHB Ben King 0-0: Foul Ball, location: 2F
0-1: TRIPLE (Flyball, 78XD, EV 101.3 MPH)
Batting: SHB Tim Wilson 0-0: Ball
1-0: Ball
2-0: Foul Ball, location: 3F
2-1: Swinging Strike
2-2: Fly out, F8 (Flyball, 8LXD, EV 109.4 MPH)
Runner from 3rd tags up, SCORES, no throw by CF
Pitching: LHP Edgardo Peña
Now at 1B: Juan Rivera
Pinch Hitting: RHB Gilberto García 0-0: Called Strike
0-1: Called Strike
0-2: Fly out, F4 (Popup, 4, EV 72.5 MPH)
Batting: RHB David Pacheco 0-0: Ball
1-0: Ground out 6-3 (Groundball, 6, EV 84.4 MPH)
Bottom of the 9th over - 1 run, 1 hit, 0 errors, 0 left on base; Lehigh Valley 5 - Memphis 2
Monday, April 1st , 2024 - OOTP Baseball 24.10 Build 82